 Dungeon Sprint DCSS version 0.23.2 (webtiles) character file.

Game seed: 1959824929508798718

4100000 Fang the Conqueror (level 23, -8/219 HPs)
             Began as a Demonspawn Gladiator on Apr 2, 2019.
             Was the Champion of Makhleb.
             Killed from afar by a large bag of meat (22 damage)
             ... with an exploding inner flame
             ... in the Dungeon (Sprint VIII: "Arena of Blood").
             The game lasted 00:00:47 (41 turns).

Fang the Conqueror (Demonspawn Gladiator)             Turns: 41, Time: 00:00:48

Health: -8/219     AC: 12    Str: 25    XL:     23   Next: 25%
Magic:  22/54      EV: 31    Int: 10    God:    Makhleb [******]
Gold:   0          SH:  0    Dex: 14    Spells: 76/76 levels left

rFire    . . .     SeeInvis .   l - +∞ Axe of Woe
rCold    + . .     Gourm    .   (shield currently unavailable)
rNeg     . . .     Faith    .   b - +0 leather armour
rPois    .         Spirit   .   c - +0 helmet
rElec    .         Reflect  .   (no cloak)
rCorr    .         Harm     .   (no gloves)
MR       +....     NoTele   +   (boots unavailable)
Stlth    +++++++++.             (no amulet)
HPRegen  11.46/turn             (no ring)
MPRegen  0.34/turn              (no ring)

@: no status effects
A: talons 3, icy blue scales 3, foul stench 1, powered by death 3, augmentation
1, rot immunity
a: Minor Destruction, Lesser Servant of Makhleb, Major Destruction, Greater
Servant of Makhleb, Renounce Religion


You were in the Dungeon.
You worshipped Makhleb.
Makhleb was exalted by your worship.
You were not hungry.

You visited 1 branch

Inventory:

Hand Weapons
 a - a +0 war axe
 l - the +∞ Axe of Woe (weapon)
   (You found it in the Dungeon)
Missiles
 d - 3 throwing nets (quivered)
Armour
 b - a +0 leather armour (worn)
 c - a +0 helmet (worn)
Scrolls
 k - a scroll of blinking
Potions
 e - a potion of curing
 g - a potion of heal wounds
 h - a potion of haste
 i - 2 potions of magic
 j - a potion of berserk rage
Comestibles
 f - a ration


   Skills:
 O Level 27 Fighting
 O Level 27 Axes
 O Level 27 Throwing
 O Level 27 Armour
 O Level 27 Dodging
 O Level 27 Stealth
 O Level 27 Unarmed Combat
 O Level 27 Spellcasting
 O Level 27 Invocations


You had 76 spell levels left.
You didn't know any spells.
Your spell library was empty.

Dungeon Overview and Level Annotations

Branches:
Dungeon (1/1)

Altars:
Makhleb


Innate Abilities, Weirdness & Mutations

You have claws for feet.
You are completely covered in icy blue scales. (AC +4, rC+)
You may emit foul miasma when damaged in melee.
You regenerate a lot of health from kills.
Your magical and physical power is slightly enhanced at high health.
You are immune to rotting.


Message History

* * * LOW HITPOINT WARNING * * *
x2 The destroyer bites you!
* * * LOW HITPOINT WARNING * * *
The destroyer draws strength from your injuries!
You hear a shout! x4
A corpse begins to drag itself along the ground!
Some corpses meld into agglomerations of writhing flesh!
You hear a shout! x3 2 small abominations and a crawling corpse come into view.
Items here: )) == a +9 war axe; a +30 ring of slaying; a +9 battleaxe; a +30 ring of slaying You are too injured to fight recklessly!
You are too injured to fight recklessly!
You are too injured to fight recklessly!
You dice the large bag of meat like an onion!!!
You hew the large bag of meat savagely.
The large bag of meat explodes!
The fiery explosion engulfs the destroyer!!
The fiery explosion engulfs you!!
You die...

....###... ..###.
...%......###......
..#........_......
#z......#..)..#
........#_.§)_#
#...§V.x#.).).#..
..#..§○x.))_)......
.....V§)))###......
.....###@§.....###.
.... #§Vx....# ..
#z......# .........
...........
..........
..........
.#........#


You could see 3 destroyers, 2 sculptors of flesh, 2 small abominations and a
crawling corpse.

Vanquished Creatures
  5 vampire knights (D)
  7 ogres (D)
  A two-headed ogre (D)
  17 orcs (D)
30 creatures vanquished.

Notes
Turn   | Place    | Note
-------+----------+-------------------------------------------
     0 | D        | Found the +∞ Axe of Woe
     0 | D        | Fang the Demonspawn Gladiator began the quest for the Orb.
     0 | D        | Reached XP level 1. HP: 16/16 MP: 1/1
     2 | D        | Noticed a bag of meat
     4 | D        | Became a worshipper of Makhleb the Destroyer
     5 | D        | Noticed a bag of meat
     5 | D        | Noticed a bag of meat
     5 | D        | Noticed a bag of meat
     6 | D        | Noticed a bag of meat
     6 | D        | Noticed a bag of meat
     6 | D        | Noticed a bag of meat
     6 | D        | Noticed a meat berserker
     7 | D        | Killed a bag of meat
     7 | D        | Gained mutation: You regenerate a little health from kills.
                  | [demonic ancestry]
     7 | D        | Reached XP level 2. HP: 43/43 MP: 2/2
     7 | D        | Gained mutation: You are partially covered in icy blue
                  | scales. (AC +2) [demonic ancestry]
     7 | D        | Reached XP level 3. HP: 49/49 MP: 3/3
     7 | D        | Gained mutation: You have sharp toenails. [demonic
                  | ancestry]
     7 | D        | Reached XP level 4. HP: 56/56 MP: 4/4
     7 | D        | Reached XP level 5. HP: 62/62 MP: 5/5
     7 | D        | Reached XP level 6. HP: 69/69 MP: 6/6
     7 | D        | Reached XP level 7. HP: 75/75 MP: 7/7
     7 | D        | Gained mutation: You have razor-sharp toenails. [demonic
                  | ancestry]
     7 | D        | Reached XP level 8. HP: 82/82 MP: 8/8
     7 | D        | Reached XP level 9. HP: 88/88 MP: 9/9
     7 | D        | Gained mutation: You regenerate health from kills. [demonic
                  | ancestry]
     7 | D        | Reached XP level 10. HP: 95/95 MP: 10/10
     7 | D        | Gained mutation: You have claws for feet. [demonic
                  | ancestry]
     7 | D        | Reached XP level 11. HP: 101/101 MP: 11/11
     8 | D        | Noticed a meat berserker
     9 | D        | Killed a meat berserker
     9 | D        | Reached * piety under Makhleb
     9 | D        | Reached XP level 12. HP: 80/116 MP: 12/12
     9 | D        | Reached XP level 13. HP: 84/122 MP: 13/13
     9 | D        | Killed a bag of meat
     9 | D        | Reached XP level 14. HP: 92/133 MP: 14/14
     9 | D        | Noticed a bag of meat
    10 | D        | Killed a bag of meat
    11 | D        | Killed a bag of meat
    11 | D        | Reached ** piety under Makhleb
    11 | D        | Gained mutation: You are mostly covered in icy blue scales.
                  | (AC +3) [demonic ancestry]
    11 | D        | Reached XP level 15. HP: 144/144 MP: 15/15
    11 | D        | Noticed a meat berserker
    12 | D        | Killed a meat berserker
    12 | D        | Reached XP level 16. HP: 157/157 MP: 16/16
    12 | D        | Reached *** piety under Makhleb
    15 | D        | Killed a meat berserker
    15 | D        | Gained mutation: You regenerate a lot of health from kills.
                  | [demonic ancestry]
    15 | D        | Reached XP level 17. HP: 110/171 MP: 17/17
    15 | D        | Noticed a meat berserker
    17 | D        | Killed a meat berserker
    17 | D        | Reached **** piety under Makhleb
    17 | D        | Reached skill level 27 in Fighting
    19 | D        | Reached XP level 18. HP: 182/182 MP: 18/18
    20 | D        | Noticed a destroyer
    22 | D        | Reached skill level 27 in Axes
    22 | D        | Reached skill level 27 in Dodging
    23 | D        | Noticed a meat berserker
    24 | D        | Reached skill level 27 in Throwing
    24 | D        | Reached ***** piety under Makhleb
    24 | D        | Noticed a meat berserker
    25 | D        | Noticed a meat berserker
    27 | D        | Killed a destroyer
    27 | D        | Gained mutation: You are immune to rotting. [demonic
                  | ancestry]
    27 | D        | Reached XP level 19. HP: 189/189 MP: 18/36
    27 | D        | Killed a meat berserker
    27 | D        | Reached skill level 15 in Armour
    27 | D        | Reached skill level 15 in Unarmed Combat
    27 | D        | Reached skill level 15 in Spellcasting
    29 | D        | Gained mutation: You are completely covered in icy blue
                  | scales. (AC +4, rC+) [demonic ancestry]
    29 | D        | Reached XP level 20. HP: 197/197 MP: 19/40
    29 | D        | Noticed a destroyer
    29 | D        | Noticed a large bag of meat
    30 | D        | Killed a meat berserker
    31 | D        | Killed a meat berserker
    31 | D        | Killed a destroyer
    31 | D        | Reached skill level 27 in Invocations
    31 | D        | Gained mutation: You may emit foul miasma when damaged in
                  | melee. [demonic ancestry]
    31 | D        | Reached XP level 21. HP: 204/204 MP: 19/47
    31 | D        | Noticed a large bag of meat
    32 | D        | Noticed a destroyer
    33 | D        | Killed a large bag of meat
    33 | D        | Reached ****** piety under Makhleb
    33 | D        | Noticed a destroyer
    34 | D        | Noticed a destroyer
    36 | D        | Reached skill level 27 in Stealth
    36 | D        | Reached XP level 22. HP: 212/212 MP: 20/51
    36 | D        | Noticed a destroyer
    37 | D        | Killed a destroyer
    37 | D        | Reached skill level 27 in Armour
    37 | D        | Reached skill level 27 in Unarmed Combat
    37 | D        | Reached skill level 27 in Spellcasting
    38 | D        | Noticed a destroyer
    39 | D        | Killed a destroyer
    39 | D        | Killed a destroyer
    39 | D        | Gained mutation: Your magical and physical power is
                  | slightly enhanced at high health. [demonic ancestry]
    39 | D        | Reached XP level 23. HP: 219/219 MP: 21/54
    39 | D        | Noticed a destroyer
    41 | D        | Killed a large bag of meat
    41 | D        | Killed from afar by a large bag of meat

Skill      XL: |  1  2  3  4  5  6  7  8  9 10 11 12 13 14 15 16 17 18 19 20 21 22 |
---------------+-------------------------------------------------------------------+-----
Fighting       | 14 18 19 21 23 26 27 | 27.0
Axes           | 13 17 18 19 22 24 26 27 | 27.0
Throwing       | 13 16 18 19 21 24 26 27 | 27.0
Dodging        | 13 17 18 19 22 24 26 27 | 27.0
Armour         | 13 16 22 25 27 | 27.0
Stealth        | 14 18 23 27 | 27.0
Unarmed Combat | 13 16 22 25 27 | 27.0
Spellcasting   | 13 16 22 25 27 | 27.0
Invocations    | 17 22 27 | 27.0

Action                   |  1- 3 |  4- 6 |  7- 9 | 10-12 | 13-15 | 16-18 | 19-21 | 22-24 || total
-------------------------+-------+-------+-------+-------+-------+-------+-------+-------++-------
Melee: Executioner's axe |     1 |       |       |     1 |     3 |     7 |     6 |     3 ||    21
Armor: Leather armour    |       |       |       |       |       |       |       |     1 ||     1
Dodge: Dodged            |       |       |       |       |     1 |       |     2 |       ||     3
